Match 42502048
Unlisted

Match 42502048
End
Panzerpioneer Squad
Panzerpioneer Squad
Selects Battlefield Espionage Battlegroup
Kradschützen Motorcycle Team
Panzerpioneer Squad
Construct Light Support Kompanie
MG34 Team
MG34 Team
Fire Support Elements
Flakvierling Half-track
Vehicle Survival Package
Selects Intel Disruption Beacon
2.5-tonne Medical Truck
Panzerpioneer Squad
Pak 38 Mechanized Group
Combat Half-tracks
Construct Panzerarmee Kommand
Pak 38 Anti-tank Gun Team
Selects 250/3 Funkpanzerwagen
Selects Anti-Tank Incendiary Munitions
Walking Stuka Rocket Launcher
Armored Reserves
Pak 38 Mechanized Group
Selects Transfer Depots
Selects Firestorm
Firestorm
2.5-tonne Medical Truck
Firestorm
Flakvierling Half-track
Selects Operation Skorpion
Flak 36 Anti-tank Gun Team
Emergency Repair Kits
Firestorm
Panzer IV Assault Group
Walking Stuka Rocket Launcher
Firestorm
Rapid Advance
Panzer IV Assault Group
UH|dun! ツ
UH|XTC
insane
Skr13
Marijke
Pred
0
0

Comments sign in to comment!

No comments posted yet!